[Event "Titled Tuesday Blitz June 27 Late 2023"]
[White "The_Straightforward_Rook"]
[Black "Pert, Richard G"]
[BlackFideId "404748"]
[WhiteElo "2339"]
[BlackElo "2529"]
[Result "0-1"]
[Round "7"]
[TimeControl "180+2"]
[Date "2023.06.27"]
[WhiteClock "0:01:22"]
[BlackClock "0:01:41"]
[Board "109"]

1. Nf3 g6 2. d4 Nf6 3. c4 Bg7 4. Nc3 O-O 5. e4 d6 6. Be2 Nbd7 7. O-O e5 8. d5 h6 9. Re1 Nh7 10. Nd2 f5 11. f3 f4 12. g4 h5 13. h3 Qh4 14. Bf1 Ng5 15. Qe2 Nxh3+ 16. Bxh3 Qxh3 17. Qg2 hxg4 18. Qxh3 gxh3 19. Kh2 Nc5 20. Rg1 Kf7 21. b4 Nd3 22. Ba3 a5 23. Rab1 axb4 24. Bxb4 Bf6 25. a4 Bh4 26. a5 Bg3+ 27. Rxg3 fxg3+ 28. Kxg3 Nxb4 29. Rxb4 Rxa5 0-1


[Site "https://www.chess.com"]

[Event "Titled Tuesday Blitz June 27 Late 2023"]
[White "Shapiro, Viktor"]
[Black "Andersson, Bjorn 1971"]
[WhiteFideId "4175700"]
[BlackFideId "1702114"]
[WhiteElo "2506"]
[BlackElo "2337"]
[Result "0-1"]
[Round "7"]
[TimeControl "180+2"]
[Date "2023.06.27"]
[WhiteClock "0:00:56"]
[BlackClock "0:01:29"]
[Board "110"]

1. c4 c5 2. Nc3 Nc6 3. g3 d6 4. Bg2 Be6 5. d3 Qc8 6. h3 g6 7. Nf3 Bg7 8. a3 Nf6 9. Rb1 Bd7 10. b4 Rb8 11. Bd2 h5 12. b5 Nd8 13. Ng5 Ne6 14. h4 Nxg5 15. hxg5 Ng4 16. Ne4 Bd4 17. e3 Be5 18. f3 f5 19. gxf6 Nxf6 20. f4 Nxe4 21. Bxe4 Bf6 22. Bxg6+ Kd8 23. Rxh5 Rg8 24. f5 Kc7 25. Rh7 Bxf5 26. Bxf5 Qxf5 27. Qh5 Qxd3 28. Rf7 Qxb1+ 0-1


[Site "https://www.chess.com"]

[Event "Titled Tuesday Blitz June 27 Late 2023"]
[White "Vaglio Mattey, Emanuel"]
[Black "el_sporco"]
[WhiteFideId "6504167"]
[WhiteElo "2503"]
[BlackElo "2327"]
[Result "1-0"]
[Round "7"]
[TimeControl "180+2"]
[Date "2023.06.27"]
[WhiteClock "0:00:15"]
[BlackClock "0:00:00"]
[Board "111"]

1. Nf3 Nf6 2. b3 d6 3. Bb2 Nbd7 4. e3 e5 5. d4 exd4 6. exd4 g6 7. Bd3 Bg7 8. O-O O-O 9. Nbd2 Nd5 10. Re1 Nc5 11. Bf1 Ne6 12. c4 Ne7 13. Qc2 Nc6 14. d5 Ncd4 15. Nxd4 Nxd4 16. Qd3 Nf3+ 17. Qxf3 Bxb2 18. Rad1 h5 19. h3 Qf6 20. Qxf6 Bxf6 21. Ne4 Bg7 22. Ng5 Bf6 23. Ne4 Bg7 24. c5 Bf5 25. cxd6 Bxe4 26. Rxe4 cxd6 27. Re7 Rab8 28. Rc1 Rbc8 29. Rxc8 Rxc8 30. Rxb7 Rc2 31. Rxa7 Bd4 32. Ra8+ Kg7 33. Bc4 Rxf2 34. Kh1 Rd2 35. g3 Be5 36. g4 hxg4 37. hxg4 Rd4 38. g5 Rh4+ 39. Kg2 Rg4+ 40. Kf3 Rxg5 41. a4 Rg3+ 42. Kf2 Rc3 43. a5 Bd4+ 44. Ke2 Bc5 45. a6 Rc2+ 46. Kd3 Ra2 47. Kc3 Ra5 48. Kb2 Bb4 49. Kc2 g5 50. Kd3 g4 51. Ke4 g3 52. Kf3 Be1 53. Kg2 Ra2+ 54. Kg1 Bf2+ 55. Kg2 Bc5+ 56. Kf3 Rf2+ 57. Kxg3 Ra2 58. Kf3 Ra3 59. Ke4 f5+ 60. Kd3 Kf6 61. Kc3 Ke5 62. Kb2 Ra5 63. Re8+ Kd4 64. Ra8 Bb4 65. Rf8 Bc3+ 66. Kc2 Ra2+ 67. Kb1 Ra1+ 68. Kc2 Ra2+ 69. Kd1 Rd2+ 70. Kc1 Rh2 71. a7 Rh1+ 72. Kc2 Rh2+ 73. Kd1 Rh1+ 74. Ke2 Rh2+ 75. Kf1 Rh1+ 76. Kg2 Ra1 77. a8=Q Rxa8 78. Rxa8 f4 79. Kf3 Kc5 80. Re8 1-0


[Site "https://www.chess.com"]

[Event "Titled Tuesday Blitz June 27 Late 2023"]
[White "Spichkin, Alexander"]
[Black "Bilan, Danila"]
[WhiteFideId "4144074"]
[BlackFideId "24161918"]
[WhiteElo "2314"]
[BlackElo "2500"]
[Result "0-1"]
[Round "7"]
[TimeControl "180+2"]
[Date "2023.06.27"]
[WhiteClock "0:02:36"]
[BlackClock "0:01:23"]
[Board "112"]

1. f4 e5 2. e4 d5 3. exd5 exf4 4. Nc3 Nf6 5. Bb5+ Bd7 6. Qe2+ Be7 7. d4 O-O 8. Bxf4 Bb4 9. Nf3 Nxd5 10. Bd2 Re8 11. Ne5 Bxc3 12. Qd1 Bxd4 0-1


[Site "https://www.chess.com"]

[Event "Titled Tuesday Blitz June 27 Late 2023"]
[White "Graif, William"]
[Black "Zampronha, Wladimir Camilo"]
[WhiteFideId "2609835"]
[BlackFideId "2103087"]
[WhiteElo "2495"]
[BlackElo "2292"]
[Result "1-0"]
[Round "7"]
[TimeControl "180+2"]
[Date "2023.06.27"]
[WhiteClock "0:00:11"]
[BlackClock "0:00:58"]
[Board "113"]

1. e4 c5 2. Nc3 Nc6 3. Bb5 Nd4 4. Nf3 e6 5. O-O Nxb5 6. Nxb5 a6 7. Nc3 d6 8. d4 cxd4 9. Qxd4 Nf6 10. Bg5 Be7 11. Rad1 Qc7 12. Rfe1 e5 13. Qd3 Be6 14. Bxf6 gxf6 15. Nd5 Qa5 16. Nxe7 Kxe7 17. Qxd6+ Ke8 18. a3 Rd8 19. Qxd8+ Qxd8 20. Rxd8+ Kxd8 21. Rd1+ Kc7 22. Kf1 Rg8 23. Nd2 Rd8 24. f3 b5 25. Ke1 Kb7 26. Nf1 Rc8 27. Ne3 a5 28. c3 b4 29. cxb4 axb4 30. axb4 Kb6 31. Nd5+ Bxd5 32. Rxd5 Rc2 33. Rd2 Rc1+ 34. Ke2 Rg1 35. Ke3 Kb5 36. Kf2 Rb1 37. Rd7 Rxb2+ 38. Kg3 Rxb4 39. Rxf7 Kc5 40. Rxf6 Kd4 41. Rf7 h6 42. Rf6 h5 43. Rf5 Rb8 44. Rxh5 Rg8+ 45. Kh3 Rf8 46. Rf5 Rh8+ 47. Kg3 Rg8+ 48. Kf2 Ra8 49. g4 Rh8 50. Kg3 Rh7 51. h4 1-0


[Site "https://www.chess.com"]

[Event "Titled Tuesday Blitz June 27 Late 2023"]
[White "Kostiukov, Alexandr"]
[Black "Uzcategui Rodriguez, Alejandro"]
[WhiteFideId "14108100"]
[BlackFideId "3903400"]
[WhiteElo "2287"]
[BlackElo "2476"]
[Result "0-1"]
[Round "7"]
[TimeControl "180+2"]
[Date "2023.06.27"]
[WhiteClock "0:00:00"]
[BlackClock "0:01:26"]
[Board "114"]

1. g3 d5 2. Bg2 Nf6 3. d3 e5 4. e4 Nc6 5. exd5 Nxd5 6. Ne2 Bc5 7. O-O O-O 8. Nbc3 Be6 9. Kh1 Bb6 10. f4 exf4 11. Nxf4 Nxc3 12. bxc3 Bf5 13. Nd5 Bg6 14. c4 Bc5 15. Bf4 Bd6 16. Qd2 Ne7 17. Rab1 Nxd5 18. Bxd5 c6 19. Bg2 Rb8 20. Bxd6 Qxd6 21. Qf4 Qa3 22. h4 Qxa2 23. Rbc1 h5 24. Rf2 Qb2 25. Rcf1 a5 26. Be4 Bxe4+ 27. Qxe4 a4 28. Qe7 Rbe8 29. Qg5 g6 30. g4 Qe5 31. Qxe5 Rxe5 32. gxh5 Rxh5 33. Rf4 g5 34. Rg4 Rxh4+ 35. Rxh4 gxh4 36. Rb1 Ra8 37. Rxb7 a3 38. Rb1 a2 39. Ra1 Kg7 40. Kh2 Kg6 41. Kh3 Kg5 42. c3 Ra3 0-1


[Site "https://www.chess.com"]

[Event "Titled Tuesday Blitz June 27 Late 2023"]
[White "Zavortink, Matt"]
[Black "Vaglio Munoz, Jaime"]
[WhiteFideId "2034263"]
[BlackFideId "6500145"]
[WhiteElo "2469"]
[BlackElo "2286"]
[Result "1-0"]
[Round "7"]
[TimeControl "180+2"]
[Date "2023.06.27"]
[WhiteClock "0:00:16"]
[BlackClock "0:00:45"]
[Board "115"]

1. Nf3 b5 2. g3 Bb7 3. Bg2 g6 4. O-O Bg7 5. a4 b4 6. d3 a5 7. Nbd2 Nf6 8. e4 d6 9. Nc4 O-O 10. Rb1 Nbd7 11. b3 Nc5 12. Bb2 e5 13. Nh4 Qd7 14. f4 Ng4 15. Qe2 exf4 16. Bxg7 Kxg7 17. gxf4 Rae8 18. f5 Nf6 19. Nxa5 Ba8 20. Qd2 d5 21. Qxb4 Na6 22. Qb5 Qxb5 23. axb5 dxe4 24. bxa6 exd3 25. cxd3 Bxg2 26. Nxg2 Ra8 27. fxg6 hxg6 28. Nc4 Rxa6 29. Nf4 Rd8 30. Rf2 g5 31. Nh3 Kg6 32. Rg2 Nh7 33. Rd1 f6 34. d4 Rb8 35. Rg3 Nf8 36. Re3 Ra2 37. Rd2 Ra1+ 38. Kg2 Rba8 39. Rde2 Rb1 40. Re1 Ra2+ 41. Nf2 Rxe1 42. Rxe1 Nd7 43. Re7 Nf8 44. Rxc7 Ra1 45. b4 Ne6 46. Rd7 Rb1 47. Rd6 Nf4+ 48. Kf3 Rb3+ 49. Ne3 Rxb4 50. Ne4 Nh5 51. d5 Kf7 52. Rd7+ Kg6 53. Rd6 Kf7 54. Ng4 Rb3+ 55. Kf2 f5 56. Nxg5+ Ke7 57. Re6+ Kd7 58. Nf6+ Kc8 59. Nxh5 Rb2+ 60. Kf3 Rxh2 61. Nf6 Rd2 62. Kf4 Rd4+ 63. Kxf5 Kd8 64. Rd6+ Kc7 65. Ne6+ Kc8 66. Nxd4 Kc7 67. Ke5 Kb7 68. Ke6 Kc7 69. Ng4 Kc8 70. Nh2 Kc7 71. Ndf3 Kb7 72. Ng1 Kc7 73. Rc6+ Kb7 74. Kd7 Kb8 75. Rb6+ Ka7 76. Rb2 Ka8 77. Kc7 Ka7 78. Ra2# 1-0


[Site "https://www.chess.com"]

[Event "Titled Tuesday Blitz June 27 Late 2023"]
[White "Rakitic2010"]
[Black "Urbina Perez, Juan Antonio"]
[BlackFideId "2217368"]
[WhiteElo "2283"]
[BlackElo "2462"]
[Result "0-1"]
[Round "7"]
[TimeControl "180+2"]
[Date "2023.06.27"]
[WhiteClock "0:01:22"]
[BlackClock "0:01:07"]
[Board "116"]

1. e4 c5 2. a3 g6 3. Nf3 Bg7 4. c3 Nc6 5. d4 cxd4 6. cxd4 d5 7. e5 Bg4 8. Nc3 e6 9. Be2 Qb6 10. Na4 Qd8 11. O-O Nge7 12. h3 Bxf3 13. Bxf3 Nf5 14. Be3 O-O 15. g4 Nxe3 16. fxe3 Qg5 17. Qd3 f6 18. Nc5 Rae8 19. exf6 Rxf6 20. Bg2 Rxf1+ 21. Rxf1 b6 22. Qb5 Qxe3+ 23. Kh1 bxc5 24. Qxc6 Rf8 25. Rxf8+ Bxf8 26. Qe8 cxd4 27. h4 Qe1+ 28. Kh2 Qxh4+ 29. Kg1 Qe1+ 30. Kh2 Qe5+ 31. Kh3 d3 32. Qb5 Bd6 33. Qe8+ Kg7 34. Qd7+ Kh6 35. g5+ Kxg5 36. Qd8+ Kh6 37. Qh4+ Kg7 38. Bf3 Qh2+ 39. Kg4 Qf4+ 40. Kh3 Qxf3+ 0-1


[Site "https://www.chess.com"]

[Event "Titled Tuesday Blitz June 27 Late 2023"]
[White "Ward, Ieuan C"]
[Black "Kovalevsky, Stanislav"]
[WhiteFideId "406627"]
[BlackFideId "13508598"]
[WhiteElo "2280"]
[BlackElo "2461"]
[Result "1-0"]
[Round "7"]
[TimeControl "180+2"]
[Date "2023.06.27"]
[WhiteClock "0:00:06"]
[BlackClock "0:00:02"]
[Board "117"]

1. d4 Nf6 2. c4 e6 3. Nf3 b6 4. g3 Bb7 5. Bg2 d5 6. Nc3 Nbd7 7. O-O a6 8. Ne5 Be7 9. cxd5 exd5 10. Bf4 O-O 11. Rc1 Re8 12. Nxd7 Qxd7 13. Bxc7 Qxc7 14. Nxd5 Qb8 15. Nc7 Bxg2 16. Kxg2 Rd8 17. Nxa8 Qxa8+ 18. Kg1 Ng4 19. h3 Nh6 20. e3 Qe4 21. Rc3 Nf5 22. Qg4 Qe6 23. Rfc1 g6 24. a3 h5 25. Qf3 Rd6 26. Qa8+ Kh7 27. Qxa6 Qe4 28. Qf1 Bg5 29. Qg2 Qe6 30. Qf3 h4 31. g4 Ne7 32. Rc7 Kg7 33. R1c2 Nd5 34. Rc8 Nxe3 35. fxe3 Bxe3+ 36. Kg2 Rxd4 37. R8c6 Qe5 38. Re2 Rd2 39. Rxd2 Bxd2 40. Rc2 Be3 41. Re2 Qd4 42. Qxe3 Qd5+ 43. Qe4 Qc5 44. Qe5+ 1-0


[Site "https://www.chess.com"]

[Event "Titled Tuesday Blitz June 27 Late 2023"]
[White "Cluke86"]
[Black "JERO-8914"]
[WhiteElo "2262"]
[BlackElo "2428"]
[Result "0-1"]
[Round "7"]
[TimeControl "180+2"]
[Date "2023.06.27"]
[WhiteClock "0:00:36"]
[BlackClock "0:00:19"]
[Board "118"]

1. e4 e5 2. Nf3 Nc6 3. Bc4 Bc5 4. O-O Nf6 5. d4 Bxd4 6. Nxd4 Nxd4 7. Bg5 d6 8. f4 Bg4 9. Bxf6 Bxd1 10. Bxd8 Rxd8 11. Rxd1 Nxc2 12. Nc3 Nxa1 13. Rxa1 exf4 14. Nd5 O-O 15. Nxf4 Rfe8 16. Re1 c6 17. Bb3 Re5 18. Kf2 Rde8 19. Kf3 d5 20. Bc2 f5 21. Bb3 fxe4+ 22. Ke3 g6 23. h4 Kg7 24. g3 Rd8 25. Ne2 c5 26. Kf4 Rf5+ 27. Kg4 Rf2 28. Nf4 h5+ 29. Kg5 Rd6 30. g4 c4 31. Bd1 Rf6 32. Nxh5+ gxh5 33. Kxh5 Rxb2 34. g5 Rf4 35. Bg4 Rf8 36. Rd1 Rh8# 0-1


[Site "https://www.chess.com"]

[Event "Titled Tuesday Blitz June 27 Late 2023"]
[White "Quirke, Jeffrey"]
[Black "Gasparyan, David"]
[WhiteFideId "2013029"]
[BlackFideId "13311980"]
[WhiteElo "2246"]
[BlackElo "2418"]
[Result "0-1"]
[Round "7"]
[TimeControl "180+2"]
[Date "2023.06.27"]
[WhiteClock "0:00:00"]
[BlackClock "0:00:06"]
[Board "119"]

1. e4 c5 2. Nc3 e6 3. Nge2 Nf6 4. g3 d5 5. exd5 Nxd5 6. Bg2 Be7 7. O-O O-O 8. Nxd5 exd5 9. d4 cxd4 10. Nxd4 Nc6 11. Be3 Nxd4 12. Bxd4 Be6 13. Qd2 Bf6 14. c3 Rc8 15. Rfe1 a6 16. Bxf6 Qxf6 17. Rad1 Rfd8 18. Qd4 Qg6 19. b3 Qc2 20. c4 Qxa2 21. cxd5 Qxb3 22. Rb1 Qa2 23. Rxb7 Bxd5 24. Bxd5 Rxd5 25. Qc3 Rdd8 26. Qe5 h6 27. Ra7 Qa4 28. Qe7 Qc4 29. Qb7 Rc6 30. Ra8 Rxa8 31. Qxa8+ Kh7 32. Re8 Re6 33. Rh8+ Kg6 34. Qf3 Qc1+ 35. Kg2 Qc2 36. Ra8 Qf5 37. Qxf5+ Kxf5 38. h4 Kf6 39. Kg1 Rb6 40. Kg2 g5 41. Kh2 g4 42. Kg2 h5 43. Rh8 Kg6 44. Ra8 Kg7 45. Ra7 Rc6 46. Ra8 Kh7 47. Ra7 Kg7 48. Ra8 Kg6 49. Ra7 f5 50. Ra8 Kf6 51. Ra7 Ke5 52. Rh7 a5 53. Rxh5 Ra6 54. Rh7 a4 55. Re7+ Kf6 56. Re2 a3 57. Ra2 Ke5 58. f3 Kd4 59. fxg4 fxg4 60. h5 Kc3 61. h6 Kb3 62. h7 Rh6 63. Re2 a2 0-1


[Site "https://www.chess.com"]

[Event "Titled Tuesday Blitz June 27 Late 2023"]
[White "Vega Gutierrez, Sabrina"]
[Black "Broca Jimenez, Fernando"]
[WhiteFideId "2219026"]
[BlackFideId "5104742"]
[WhiteElo "2403"]
[BlackElo "2237"]
[Result "1-0"]
[Round "7"]
[TimeControl "180+2"]
[Date "2023.06.27"]
[WhiteClock "0:00:43"]
[BlackClock "0:00:00"]
[Board "120"]

1. e4 e5 2. Nf3 Nc6 3. Nc3 Nf6 4. g3 Bc5 5. Bg2 d6 6. d3 h6 7. h3 Be6 8. Na4 Bb6 9. a3 O-O 10. O-O Qd7 11. Nxb6 axb6 12. Kh2 d5 13. exd5 Bxd5 14. Re1 Rfe8 15. Bd2 Rad8 16. Bc3 Qd6 17. b4 e4 18. Nh4 exd3 19. Rxe8+ Nxe8 20. Qxd3 Bxg2 21. Qxd6 Nxd6 22. Kxg2 Re8 23. Kf1 f6 24. Rd1 Kf7 25. Nf3 Ne4 26. Bb2 Rd8 27. Rxd8 Nxd8 28. Nd4 Nc6 29. Nb5 Nd2+ 30. Ke2 Nc4 31. Bc1 1-0


[Site "https://www.chess.com"]

[Event "Titled Tuesday Blitz June 27 Late 2023"]
[White "Szyszylo, Rafal"]
[Black "Oliveira, Tiago Batista"]
[WhiteFideId "1109626"]
[BlackFideId "2108291"]
[WhiteElo "2400"]
[BlackElo "2176"]
[Result "1-0"]
[Round "7"]
[TimeControl "180+2"]
[Date "2023.06.27"]
[WhiteClock "0:01:56"]
[BlackClock "0:01:35"]
[Board "121"]

1. e4 e5 2. Bc4 g6 3. Nc3 c6 4. d4 Bg7 5. dxe5 Bxe5 6. Nf3 Bg7 7. e5 Ne7 8. O-O O-O 9. Bg5 Re8 10. Qd6 Nf5 11. Bxd8 Nxd6 12. exd6 Rxd8 13. Ng5 Rf8 14. Rfe1 Bxc3 15. bxc3 b5 16. Bb3 Bb7 17. Re7 c5 18. Bxf7+ Kg7 19. Bd5+ Kh6 20. Bxb7 1-0


[Site "https://www.chess.com"]

[Event "Titled Tuesday Blitz June 27 Late 2023"]
[White "Lowinger, Daniel"]
[Black "zano2023"]
[WhiteFideId "2005557"]
[WhiteElo "2388"]
[BlackElo "2168"]
[Result "1-0"]
[Round "7"]
[TimeControl "180+2"]
[Date "2023.06.27"]
[WhiteClock "0:00:13"]
[BlackClock "0:00:57"]
[Board "122"]

1. e4 e5 2. Nf3 d6 3. d4 f5 4. dxe5 fxe4 5. Ng5 d5 6. c4 Bb4+ 7. Nc3 d4 8. a3 Bxc3+ 9. bxc3 e3 10. Ne4 exf2+ 11. Nxf2 c5 12. g3 Qe7 13. Qe2 Nc6 14. Bf4 Bf5 15. Bg2 O-O-O 16. Bxc6 bxc6 17. O-O g5 18. Bd2 Qe6 19. Qf3 g4 20. Qg2 Ne7 21. Bg5 Rd7 22. Bf6 Rg8 23. Ne4 Bxe4 24. Qxe4 h5 25. Bxe7 Rxe7 26. Rae1 h4 27. Rf6 Qxf6 28. exf6 Rxe4 29. Rxe4 Rf8 30. cxd4 cxd4 31. Rxd4 hxg3 32. hxg3 Rxf6 33. Rxg4 Kc7 34. Rf4 Re6 35. Kf2 c5 36. g4 Kd6 37. Kf3 Ke5 38. Re4+ Kd6 39. Rxe6+ Kxe6 40. Ke4 a6 41. a4 a5 42. g5 1-0


[Site "https://www.chess.com"]

[Event "Titled Tuesday Blitz June 27 Late 2023"]
[White "Brown, Raehanna"]
[Black "Romero Ruscalleda, Josep"]
[WhiteFideId "7402740"]
[BlackFideId "2231859"]
[WhiteElo "2155"]
[BlackElo "2385"]
[Result "1/2-1/2"]
[Round "7"]
[TimeControl "180+2"]
[Date "2023.06.27"]
[WhiteClock "0:00:25"]
[BlackClock "0:00:35"]
[Board "123"]

1. c4 g6 2. Nc3 Bg7 3. g3 d6 4. Bg2 c5 5. Nf3 Nc6 6. O-O Nf6 7. d4 cxd4 8. Nxd4 Bd7 9. e4 O-O 10. Nde2 Rc8 11. h3 Ne5 12. b3 Qa5 13. Bd2 Qc7 14. Rc1 Nd3 15. Rc2 Nb4 16. Rc1 a6 17. Be3 Nc6 18. Nd5 Qb8 19. Qd2 b5 20. Nd4 Nxd5 21. cxd5 Nxd4 22. Bxd4 Rxc1 23. Rxc1 Rc8 24. Bxg7 Kxg7 25. Rc3 Rxc3 26. Qxc3+ Kg8 27. b4 Qc8 28. Qxc8+ Bxc8 29. h4 Kf8 30. Kf1 Ke8 31. Ke1 Kd8 32. Kd2 Kc7 33. Kc3 Kb6 34. Kd4 Bg4 35. f4 Bd1 36. a3 a5 37. e5 Bc2 38. Bf3 h5 39. g4 hxg4 40. Bxg4 Bb1 41. Be2 Bf5 42. h5 gxh5 43. Bxh5 f6 44. exf6 exf6 45. Bf7 Bc2 46. Be6 Bb1 47. Bf7 Bc2 48. Be6 Bb1 49. Bf7 Bc2 1/2-1/2


[Site "https://www.chess.com"]

[Event "Titled Tuesday Blitz June 27 Late 2023"]
[White "Lopez Del Alamo, Antonio"]
[Black "Sanchez, Robert"]
[WhiteFideId "2227339"]
[BlackFideId "2034360"]
[WhiteElo "2366"]
[BlackElo "2118"]
[Result "0-1"]
[Round "7"]
[TimeControl "180+2"]
[Date "2023.06.27"]
[WhiteClock "0:00:08"]
[BlackClock "0:01:27"]
[Board "124"]

1. e4 d5 2. exd5 Qxd5 3. Nc3 Qe6+ 4. Be2 Qg6 5. Bf3 Nc6 6. Nge2 e5 7. Ng3 Bd7 8. O-O O-O-O 9. d3 f5 10. a3 Bd6 11. b4 Nd4 12. Rb1 Nxf3+ 13. Qxf3 Ne7 14. a4 Bc6 15. Qe2 h5 16. b5 Bd7 17. f4 h4 18. Nh1 exf4 19. Bxf4 Rde8 20. Bxd6 Qxd6 21. Qd2 h3 22. g3 Kb8 23. d4 g5 24. Nf2 Nd5 25. Nxd5 Qxd5 26. Nd1 f4 27. c4 Qd6 28. Nc3 fxg3 29. hxg3 Qxg3+ 30. Kh1 Bg4 31. d5 Bf3+ 32. Rxf3 Qxf3+ 33. Kh2 Re3 34. d6 Qg3+ 35. Kh1 Rxc3 36. dxc7+ Kxc7 37. Rd1 Qg2+ 38. Qxg2 hxg2+ 39. Kxg2 Rxc4 0-1


[Site "https://www.chess.com"]

[Event "Titled Tuesday Blitz June 27 Late 2023"]
[White "Vargas, Mauricio"]
[Black "Inepton_Fermion"]
[WhiteFideId "4404572"]
[WhiteElo "1863"]
[BlackElo "2365"]
[Result "0-1"]
[Round "7"]
[TimeControl "180+2"]
[Date "2023.06.27"]
[WhiteClock "0:00:00"]
[BlackClock "0:00:09"]
[Board "125"]

1. e4 c6 2. d4 d5 3. e5 Bf5 4. g4 Be4 5. f3 Bg6 6. h4 h5 7. e6 fxe6 8. Bd3 Bxd3 9. Qxd3 Nh6 10. Qg6+ Kd7 11. g5 Nf5 12. Ne2 c5 13. Nf4 Nxd4 14. c3 Nbc6 15. cxd4 Nxd4 16. O-O Qb6 17. Nc3 Nf5 18. Kg2 Nxh4+ 19. Kh2 Nxg6 20. Nxg6 Rg8 21. Bf4 e5 22. Nxe5+ Ke8 23. Nxd5 Qa5 24. g6 e6 25. Nc3 Bd6 26. Nf7 Bxf4+ 27. Kh3 Ke7 28. Rae1 Rad8 29. Re4 Bd2 30. Ne2 Rd5 31. Ng3 Rgd8 0-1


[Site "https://www.chess.com"]

[Event "Titled Tuesday Blitz June 27 Late 2023"]
[White "Torres Dominguez, David"]
[Black "Carrasco Miranda, Andres"]
[WhiteFideId "2220857"]
[BlackFideId "3405990"]
[WhiteElo "2116"]
[BlackElo "2394"]
[Result "0-1"]
[Round "7"]
[TimeControl "180+2"]
[Date "2023.06.27"]
[WhiteClock "0:00:00"]
[BlackClock "0:00:58"]
[Board "126"]

1. e4 e5 2. Bc4 Bc5 3. Nc3 Nf6 4. d3 h6 5. f4 d6 6. Nf3 c6 7. Qe2 O-O 8. fxe5 dxe5 9. Be3 Bd4 10. O-O Ng4 11. Nd1 Nxe3 12. Nxe3 b5 13. Bb3 a5 14. a4 Nd7 15. c3 Bb6 16. Kh1 Nc5 17. Bc2 Qc7 18. Nh4 Ne6 19. Nhf5 Nf4 20. Qg4 Ng6 21. Bb3 Bxe3 22. Qxg6 Bxf5 23. Rxf5 bxa4 24. Bc4 a3 0-1


[Site "https://www.chess.com"]

[Event "Titled Tuesday Blitz June 27 Late 2023"]
[White "Sokolov, Andrei"]
[Black "Gardezi, Arsal"]
[WhiteFideId "11600306"]
[BlackFideId "30949521"]
[WhiteElo "2350"]
[BlackElo "2185"]
[Result "0-1"]
[Round "7"]
[TimeControl "180+2"]
[Date "2023.06.27"]
[WhiteClock "0:00:00"]
[BlackClock "0:00:17"]
[Board "127"]

1. d4 Nf6 2. c4 e6 3. g3 d5 4. Nf3 Be7 5. Bg2 O-O 6. O-O dxc4 7. Qc2 a6 8. a4 Nbd7 9. Qxc4 b5 10. Qc2 Bb7 11. Bf4 c5 12. axb5 axb5 13. Nc3 cxd4 14. Nxb5 Rxa1 15. Rxa1 Bxf3 16. Bxf3 e5 17. Ra8 Qb6 18. Nxd4 Rxa8 19. Bxa8 exf4 20. Qc8+ Qd8 21. Qb7 fxg3 22. Nc6 gxh2+ 23. Kxh2 Bd6+ 24. Kg1 Qb8 25. Qa6 Qc7 26. Bb7 g6 27. Qa8+ Kg7 28. Qa6 Ne5 29. Na7 Qc1+ 30. Kg2 Qg5+ 31. Kf1 Nfg4 0-1


[Site "https://www.chess.com"]

[Event "Titled Tuesday Blitz June 27 Late 2023"]
[White "Gerbelli Neto, Eduardo"]
[Black "Cooper, Aaron"]
[WhiteFideId "2103281"]
[BlackFideId "2634945"]
[WhiteElo "2302"]
[BlackElo "2180"]
[Result "0-1"]
[Round "7"]
[TimeControl "180+2"]
[Date "2023.06.27"]
[WhiteClock "0:00:04"]
[BlackClock "0:00:09"]
[Board "128"]

1. e4 d5 2. exd5 Qxd5 3. Nc3 Qd6 4. Bc4 Nf6 5. d3 a6 6. Qe2 b5 7. Bb3 Bb7 8. Nf3 Nc6 9. O-O e6 10. Bg5 Nd4 11. Nxd4 Qxd4 12. Rfe1 Be7 13. Ne4 Bxe4 14. dxe4 h6 15. Bxf6 Bxf6 16. e5 Be7 17. c3 Qf4 18. g3 Qf5 19. Bc2 Qh3 20. Qe4 Rd8 21. Qc6+ Kf8 22. Qxc7 h5 23. Rad1 Re8 24. Rd7 h4 25. Re3 hxg3 26. Rxg3 Qxh2+ 27. Kf1 Qh1+ 28. Ke2 Rh5 29. Rf3 Qc1 30. Bg6 Qxb2+ 31. Kd3 Qb1+ 32. Kd4 Qxg6 33. Rxe7 Rxe7 34. Qd8+ Re8 35. Qd6+ Kg8 36. Qd7 Qg4+ 37. Ke3 Rxe5+ 0-1


[Site "https://www.chess.com"]

[Event "Titled Tuesday Blitz June 27 Late 2023"]
[White "Bullen, Alex"]
[Black "Hartikainen, Jarmo"]
[WhiteFideId "1801627"]
[BlackFideId "503134"]
[WhiteElo "2261"]
[BlackElo "2153"]
[Result "1-0"]
[Round "7"]
[TimeControl "180+2"]
[Date "2023.06.27"]
[WhiteClock "0:01:09"]
[BlackClock "0:00:00"]
[Board "129"]

1. d4 Nf6 2. Nf3 g6 3. Nbd2 d5 4. b4 Bg7 5. e3 O-O 6. c4 c6 7. Be2 Nbd7 8. O-O b6 9. a4 a5 10. b5 cxb5 11. cxb5 Ne4 12. Nxe4 dxe4 13. Nd2 Bb7 14. Bb2 Rc8 15. Qb3 Nf6 16. Rac1 Bd5 17. Bc4 e6 18. Bxd5 exd5 19. Ba3 Re8 20. Rc6 Rxc6 21. bxc6 Qc7 22. Qb5 Bf8 23. Bxf8 Rxf8 24. Rb1 Rb8 25. Nb3 Rc8 26. Rc1 Rb8 27. h3 Kg7 28. Rb1 Rc8 29. Rc1 Rb8 30. Qa6 h6 31. Rc3 Kh7 32. Qb5 Kg7 33. Nd2 Kh7 34. Nb1 Kg7 35. Rc2 Kh7 36. Nc3 Kg7 37. Nxd5 Nxd5 38. Qxd5 f5 39. Qd7+ Qxd7 40. cxd7 Rd8 41. Rc7 Kf7 42. Kf1 Ke7 43. Rb7 g5 44. Rxb6 h5 45. Rb5 Ke6 46. Rxa5 Rxd7 47. Re5+ Kf6 48. a5 Ra7 49. Ke2 Ra6 50. Kd2 Rc6 51. Rb5 1-0


[Site "https://www.chess.com"]

[Event "Titled Tuesday Blitz June 27 Late 2023"]
[White "Dmitriev, Sergey"]
[Black "Kohler, Aran"]
[WhiteFideId "14101785"]
[BlackFideId "1002856"]
[WhiteElo "1954"]
[BlackElo "2255"]
[Result "0-1"]
[Round "7"]
[TimeControl "180+2"]
[Date "2023.06.27"]
[WhiteClock "0:00:39"]
[BlackClock "0:01:06"]
[Board "130"]

1. d4 d5 2. Bf4 Nf6 3. Nf3 c5 4. e3 Nc6 5. c3 Qb6 6. b3 Bg4 7. Nbd2 e6 8. Be2 cxd4 9. cxd4 Be7 10. O-O O-O 11. Ne5 Bxe2 12. Qxe2 Nxe5 13. dxe5 Nd7 14. g4 Rac8 15. Rac1 Ba3 16. Rxc8 Rxc8 17. Qd3 Qa6 18. Qd4 h6 19. h4 Rc2 20. Nb1 Rxa2 21. Nxa3 Qxa3 22. g5 hxg5 23. hxg5 Qb2 24. Qb4 Nf8 25. Qxb7 a5 26. Bg3 Ra3 27. Qc8 Qxb3 28. Kg2 Qc4 29. Qe8 Qe4+ 30. Kg1 Rb3 31. Rc1 Rb1 32. Rxb1 Qxb1+ 33. Kg2 Qe4+ 34. Kh2 a4 35. Qa8 Qb4 36. Bf4 a3 37. Qa7 Qb2 38. g6 Nxg6 39. Bg5 Qxe5+ 40. f4 Qb2+ 41. Kg3 a2 42. Qa8+ Kh7 43. Qe8 a1=Q 44. Qxf7 Qg1+ 45. Kf3 Qbg2# 0-1


[Site "https://www.chess.com"]

[Event "Titled Tuesday Blitz June 27 Late 2023"]
[White "Burke, Paul"]
[Black "BrandonJiang123456"]
[WhiteFideId "2605767"]
[WhiteElo "1942"]
[BlackElo "2209"]
[Result "0-1"]
[Round "7"]
[TimeControl "180+2"]
[Date "2023.06.27"]
[WhiteClock "0:00:00"]
[BlackClock "0:00:44"]
[Board "131"]

1. e4 e5 2. Nf3 Nc6 3. Bc4 Bc5 4. b4 Bxb4 5. c3 Ba5 6. d4 exd4 7. O-O d6 8. cxd4 Bg4 9. Be3 Qf6 10. Be2 h6 11. h3 Bxf3 12. Bxf3 Bb6 13. d5 Qxa1 14. dxc6 bxc6 15. e5 d5 16. Qc2 Ne7 17. Nc3 Qxf1+ 18. Kxf1 d4 19. Bxd4 Bxd4 20. Nb5 Bxe5 21. Bxc6+ Nxc6 22. Qxc6+ Ke7 23. Qc5+ Bd6 24. Nxd6 cxd6 25. Qc7+ Ke6 26. Qc4+ d5 27. Qc6+ Ke7 28. Qb7+ Kd6 29. Qa6+ Ke5 30. Qe2+ Kf6 31. Qf3+ Kg6 32. Qg4+ Kh7 33. Qf5+ Kg8 34. Qxd5 Rb8 35. g3 g6 36. Qd4 Kh7 37. Qxa7 Rhf8 38. a4 Ra8 39. Qd7 Kg7 40. Qd4+ Kg8 41. Qf4 h5 42. g4 hxg4 0-1


[Site "https://www.chess.com"]